Map: Ice and Chrome LE

Players

Armani

  • Race: Zerg Zerg
  • League: Master
  • Spawn Location: 1:00

Zest - Winner!

  • Race: Protoss Protoss
  • League: Master
  • Spawn Location: 7:00

Event: War Chest Team League

VOD

Have the link to the VOD?

Description

Time

  • Played on: Aug. 16, 2020, 11:54 a.m.
  • Length: 14:19
Show
View Real Time Build Order
Export as new Build Order

Armani Zerg 

Build Orders: Hatch First, Muta Ling Bane 

Get SALT Encoding   

  12  0:00  Drone  
  13  0:13  Overlord  
  13  0:17  Drone  
  14  0:31  Drone  
  14  0:32  Drone  
  16  0:42  Drone  
  17  0:52  Hatchery  
  17  0:55  Drone  
  17  0:58  Drone  
  17  1:01  Extractor  
  17  1:16  Spawning Pool  
  16  1:19  Drone  
  16  1:21  Drone  
  18  1:29  Drone  
  19  1:41  Drone  
  20  1:52  Drone  
  21  2:02  Metabolic Boost  
  21  2:03  Queen  
  21  2:04  Zergling x2, Queen  
  21  2:08  Drone  
  27  2:12  Drone  
  28  2:17  Overlord  
  28  2:35  Hatchery  
  27  2:37  Zergling x2  
  27  2:38  Drone  
  29  2:45  Queen  
  29  2:47  Zergling x2  
  32  2:52  Overlord  
  32  2:57  Drone x2  
  34  2:59  Drone  
  34  3:01  Drone  
  36  3:16  Drone x5  
  36  3:18  Overlord  
  41  3:24  Queen  
  41  3:25  Drone  
  44  3:38  Drone x2  
  46  3:42  Drone  
  46  3:45  Drone  
  46  3:48  Queen, Drone  
  49  3:52  Drone x5  
  49  3:55  Overlord  
  56  3:57  Drone  
  56  3:58  Drone  
  58  4:04  Roach Warren  
  57  4:13  Spore Crawler  
  57  4:14  Spore Crawler  
  57  4:15  Drone, Spore Crawler  
  57  4:16  Zergling x4  
  57  4:17  Zergling x2  
  58  4:21  Zergling x2  
  58  4:22  Zergling x4  
  61  4:28  Overlord  
  61  4:29  Overlord  
  61  4:32  Overlord  
  61  4:33  Lair  
  61  4:45  Overlord  
  59  4:47  Drone x4  
  59  4:48  Drone x4  
  67  4:55  Extractor  
  67  4:56  Extractor, Roach  
  67  4:59  Roach x2  
  70  5:05  Roach  
  71  5:07  Roach  
  71  5:09  Roach  
  75  5:16  Roach x2  
  75  5:17  Overlord  
  75  5:19  Overlord  
  75  5:21  Overlord  
  79  5:22  Drone  
  79  5:27  Overlord  
  79  5:32  Overseer  
  79  5:34  Drone x2  
  81  5:38  Drone, Evolution Chamber  
  81  5:40  Glial Reconstitution, Drone  
  81  5:41  Drone x3  
  81  5:42  Drone  
  86  5:45  Extractor x2  
  86  5:47  Overseer  
  83  5:57  Hatchery, Drone x3  
  83  6:00  Overlord  
  84  6:05  Zerg Melee Weapons Level 1  
  84  6:06  Drone x3  
  84  6:08  Drone x4  
  84  6:11  Extractor  
  90  6:12  Roach  
  90  6:13  Roach x4  
  90  6:17  Overlord  
  100  6:20  Overlord  
  99  6:28  Drone x3  
  99  6:29  Drone  
  99  6:31  Drone  
  105  6:33  Baneling Nest  
  105  6:37  Ravager x3  
  105  6:38  Hatchery  
  106  6:45  Roach x6  
  118  6:47  Zergling x6  
  118  6:50  Overlord  
  121  6:55  Ravager x2  
  121  6:56  Overlord  
  123  7:09  Ravager  
  124  7:16  Drone x3  
  124  7:18  Drone x7  
  124  7:20  Drone, Pneumatized Carapace  
  124  7:21  Spire  
  134  7:26  Drone  
  134  7:27  Drone  
  134  7:29  Drone x3  
  137  7:32  Drone  
  138  7:42  Zergling x2  
  138  7:43  Zergling x14  
  146  7:47  Extractor x2, Overlord  
  144  7:52  Ravager, Hatchery  
  144  7:53  Ravager x5  
  144  7:54  Queen  
  144  7:55  Zergling x10  
  144  7:58  Drone  
  157  7:59  Overseer  
  157  8:04  Drone  
  157  8:05  Zerg Melee Weapons Level 2  
  157  8:09  Overlord  
  157  8:11  Overlord x2  
  157  8:12  Overlord, Drone  
  158  8:14  Drone x2  
  158  8:16  Spine Crawler  
  159  8:25  Overlord x2  
  159  8:36  Mutalisk x7  
  159  8:39  Mutalisk  
  159  8:40  Overlord x3  
  175  8:41  Overlord  
  175  8:45  Zergling x12  
  175  8:46  Infestation Pit  
  180  8:49  Baneling x3  
  180  8:56  Centrifical Hooks  
  180  8:58  Zergling x22  
  180  9:00  Overlord  
  191  9:13  Zergling x18  
  191  9:16  Baneling x18  
  200  9:24  Hive  
  200  9:35  Zergling x4  
  200  9:39  Baneling x12  
  200  9:53  Spore Crawler  
  200  9:54  Spine Crawler  
  200  9:55  Overseer  
  200  9:56  Spine Crawler  
  196  10:06  Drone x3  
  199  10:19  Zergling x4  
  183  10:35  Ravager x4  
  185  10:37  Greater Spire  
  185  10:38  Adrenal Glands  
  185  10:39  Zergling x30  
  185  10:40  Evolution Chamber  
  199  10:46  Baneling  
  199  10:47  Baneling x10  
  199  10:49  Drone  
  200  10:50  Extractor  
  199  11:00  Overseer  
  197  11:12  Zergling x6  
  167  11:26  Corruptor x8  
  167  11:29  Zergling x12  
  189  11:35  Extractor  
  189  11:37  Spine Crawler  
  187  11:41  Pathogen Glands, Burrow  
  187  11:43  Zerg Missile Weapons Level 1  
  187  11:45  Hatchery  
  186  11:48  Corruptor  
  186  11:49  Viper x2  
  186  11:51  Drone x6  
  200  12:03  Zerg Flyer Armor Level 1, Spore Crawler x3  
  200  12:04  Spore Crawler x5  
  200  12:05  Spore Crawler  
  200  12:06  Spore Crawler  
  200  12:07  Spore Crawler  
  168  12:24  Zergling x34  
  168  12:25  Zergling x30  
  168  12:29  Overseer x2  
  200  12:30  Baneling  
  200  12:31  Baneling x8  
  200  12:55  Spine Crawler  
  200  12:56  Spine Crawler x4  
  200  12:57  Spine Crawler  
  194  13:03  Baneling  
  194  13:04  Baneling x7  
  191  13:06  Corruptor x4  
  191  13:11  Baneling x16  
  199  13:15  Hatchery  
  170  13:27  Zergling x4  
  170  13:28  Zergling x18  
  170  13:34  Corruptor  
  114  13:49  Overlord  
  88  13:56  Zergling x16  
Show
View Real Time Build Order
Export as new Build Order

Zest Protoss - Winner!

Build Orders: 1 Gate Expand, Archon Immortal, Archon Drop, Dark Templar Rush 

Get SALT Encoding   

  12  0:00  Probe  
  13  0:12  Probe  
  14  0:20  Pylon  
  14  0:24  Probe  
  15  0:38  Probe (Chrono Boost)  
  15  0:40  Gateway  
  16  0:47  Probe (Chrono Boost)  
  17  0:51  Assimilator  
  17  0:52  Probe  
  18  1:04  Probe  
  19  1:17  Probe  
  20  1:26  Nexus  
  20  1:37  Cybernetics Core  
  20  1:38  Probe  
  21  1:44  Assimilator  
  21  1:50  Probe  
  21  1:53  Pylon  
  22  2:03  Probe (Chrono Boost)  
  23  2:10  Adept (Chrono Boost)  
  23  2:13  Warp Gate, Probe (Chrono Boost)  
  26  2:18  Probe (Chrono Boost)  
  26  2:22  Twilight Council  
  27  2:29  Probe  
  28  2:32  Stalker (Chrono Boost)  
  30  2:38  Probe  
  30  2:41  Probe  
  32  2:50  Probe  
  32  2:51  Robotics Facility  
  33  2:54  Probe  
  34  3:02  Probe  
  35  3:06  Probe  
  35  3:07  Gateway  
  36  3:16  Dark Shrine  
  36  3:17  Probe  
  36  3:18  Probe  
  38  3:25  Gateway  
  38  3:27  Adept  
  38  3:31  Probe  
  42  3:35  Warp Prism (Chrono Boost)  
  43  3:44  Pylon, Probe  
  43  3:46  Probe  
  45  3:49  Assimilator  
  45  3:53  Pylon  
  45  3:59  Probe (Chrono Boost)  
  47  4:04  Probe (Chrono Boost)  
  47  4:06  Assimilator  
  47  4:11  Probe (Chrono Boost)  
  49  4:19  Probe (Chrono Boost)  
  49  4:21  Probe (Chrono Boost)  
  50  4:27  Probe (Chrono Boost)  
  50  4:29  Dark Templar  
  50  4:30  Dark Templar x2  
  58  4:31  Probe (Chrono Boost)  
  58  4:32  Pylon  
  58  4:33  Probe (Chrono Boost)  
  58  4:38  Probe  
  60  4:41  Probe  
  61  4:48  Archon  
  61  4:50  Probe, Nexus  
  62  4:53  Pylon  
  62  4:56  Probe  
  63  5:03  Pylon  
  63  5:06  Shield Battery  
  63  5:07  Dark Templar x2  
  63  5:08  Dark Templar  
  63  5:10  Probe  
  70  5:15  Probe  
  71  5:23  Probe  
  71  5:27  Probe  
  73  5:32  Forge  
  73  5:33  Blink  
  73  5:35  Probe  
  74  5:36  Probe, Archon  
  74  5:39  Observer (Chrono Boost)  
  76  5:44  Probe  
  76  5:47  Gateway, Probe  
  76  5:48  Gateway  
  76  5:49  Gateway  
  78  5:53  Probe  
  79  5:59  Probe (Chrono Boost)  
  79  6:02  Immortal  
  79  6:03  Archon  
  84  6:04  Sentry x2  
  84  6:06  Probe (Chrono Boost)  
  84  6:07  Protoss Ground Weapons Level 1 (Chrono Boost)  
  84  6:11  Probe x2 (Chrono Boost)  
  91  6:15  Assimilator  
  91  6:16  Probe (Chrono Boost)  
  91  6:17  Assimilator, Probe (Chrono Boost)  
  94  6:19  Probe (Chrono Boost)  
  94  6:21  Probe (Chrono Boost)  
  95  6:25  Probe  
  95  6:30  Probe  
  95  6:32  Probe  
  98  6:37  Probe  
  99  6:42  Probe  
  99  6:45  Pylon  
  99  6:46  Shield Battery  
  99  6:48  Pylon, Shield Battery  
  99  6:51  Templar Archives  
  99  6:54  Pylon  
  99  7:01  Immortal (Chrono Boost)  
  99  7:03  Probe  
  104  7:09  Sentry, Zealot  
  104  7:10  Zealot x4  
  104  7:14  Gateway x2  
  116  7:18  Pylon  
  116  7:19  Photon Cannon, Pylon  
  116  7:20  Psionic Storm  
  116  7:33  Photon Cannon  
  116  7:34  Photon Cannon  
  116  7:40  Stalker x2  
  116  7:41  Stalker x4  
  128  7:55  Pylon  
  128  7:56  Pylon  
  128  7:57  Immortal (Chrono Boost)  
  132  8:07  High Templar x4  
  132  8:08  Protoss Shields Level 1 (Chrono Boost)  
  140  8:29  Immortal  
  144  8:41  Stargate  
  144  8:43  Pylon  
  144  8:48  Pylon  
  144  8:50  Gateway  
  144  8:51  Gateway, Pylon  
  144  8:53  Photon Cannon, Pylon  
  144  9:05  Stalker x8  
  160  9:10  Gateway x2  
  160  9:14  Shield Battery  
  160  9:15  Photon Cannon  
  160  9:17  Photon Cannon, Shield Battery  
  160  9:27  Stargate  
  160  9:28  Fleet Beacon  
  160  9:50  Observer (Chrono Boost)  
  161  9:56  Nexus  
  161  9:59  Pylon  
  161  10:03  Pylon  
  161  10:09  Stalker x3  
  164  10:31  Carrier x2 (Chrono Boost)  
  175  10:36  Observer (Chrono Boost)  
  175  10:41  Mothership (Chrono Boost), Protoss Ground Weapons Level 2 (Chrono Boost)  
  184  10:53  Nexus  
  184  10:56  Protoss Air Weapons Level 1 (Chrono Boost), Charge, Pylon  
  184  10:58  Pylon  
  184  11:00  Stargate  
  184  11:18  Archon  
  177  11:29  Nexus  
  177  11:32  Carrier x2 (Chrono Boost)  
  189  11:33  Photon Cannon  
  189  11:35  Photon Cannon  
  189  11:36  Shield Battery x2  
  189  11:43  Carrier (Chrono Boost)  
  195  11:54  Photon Cannon  
  195  11:57  High Templar  
  197  12:03  Gateway x2  
  197  12:08  High Templar  
  178  12:30  Stalker x2  
  178  12:31  Stalker x4  
  189  12:52  Photon Cannon  
  189  12:54  Photon Cannon  
  189  12:55  Probe x3  
  189  12:56  Assimilator  
  192  13:00  Assimilator  
  192  13:09  Stalker x4  
  196  13:29  Zealot x2  
  192  13:39  Dark Templar x5  
  192  13:40  Zealot  
  200  13:43  Archon  
  170  13:49  Stalker x3  
  170  13:55  Zealot x4  
Tags
 
Add a new tag
Caveats
  • Supply blocks, unpowered buildings, or Contaminate may cause inaccurate times.
  • Supply counts are checked every 10 seconds.